TOP OF THE 1ST |
---|
Santa Anna Dukes batting - Pitching for Plymouth Cocks : LHP Scott Brown | Pitching: LHP Scott Brown | | Batting: LHB Leon Malone | 0-0: Foul Ball, location: 2F 0-1: Fly out, F3 (Popup, 3SF) | Batting: RHB Donald Fenner | 0-0: Ball 1-0: Ball 2-0: Ball 3-0: Foul Ball, location: 2F 3-1: SINGLE (Line Drive, 56D) | Batting: RHB Amdre Casse | 0-0: Ball 1-0: Ball 2-0: SINGLE (Groundball, 6M) (infield hit) Donald Fenner to second | Batting: LHB Iván Soriano | 0-0: Swinging Strike 0-1: Foul Ball, location: 2F 0-2: Ball 1-2: SINGLE (Groundball, 34D) Donald Fenner to third Amdre Casse to second Runner from 3rd tries for Home, SAFE, no throw | Batting: RHB Andrés Pérez | 0-0: Foul Ball, location: 2F 0-1: Fly out, F7 (Flyball, 7) | Batting: LHB Xavier Carrillo | 0-0: Swinging Strike 0-1: Foul Ball, location: 2F 0-2: Ball 1-2: Fly out, F5 (Popup, 25F) | Top of the 1st over - 1 run, 3 hits, 0 errors, 2 left on base; Santa Anna 1 - Plymouth 0 | BOTTOM OF THE 1ST |
---|
Plymouth Cocks batting - Pitching for Santa Anna Dukes : RHP Nelson Dixon | Pitching: RHP Nelson Dixon | | Batting: SHB José Chávez | 0-0: Ball 1-0: Called Strike 1-1: Foul Ball, location: 2F 1-2: Ball 2-2: Ground out 3-1 (Groundball, 34D) | Batting: RHB Dwayne Roldán | 0-0: Ball 1-0: Foul Ball, location: 2F 1-1: Foul Ball, location: 2F 1-2: Strikes out looking | Batting: LHB T.J. Richardson | 0-0: Called Strike 0-1: SINGLE (Line Drive, 9S) | Batting: RHB Rafael Vargas | 0-0: Fielders Choice at 2nd, 6-4 (Groundball, 6) | Bottom of the 1st over - 0 runs, 1 hit, 0 errors, 1 left on base; Santa Anna 1 - Plymouth 0 | TOP OF THE 2ND |
---|
Santa Anna Dukes batting - Pitching for Plymouth Cocks : LHP Scott Brown | Batting: LHB Luis García | 0-0: Ball 1-0: Ball 2-0: Ground out 1-3 (Groundball, 13S) | Batting: RHB Tim Guerrero | 0-0: Called Strike 0-1: Ball 1-1: Ball 2-1: Fly out, F8 (Flyball, 8RM) | Batting: RHB Bob Vaughn | 0-0: Called Strike 0-1: Fly out, F9 (Flyball, 89M) | Top of the 2nd over - 0 runs, 0 hits, 0 errors, 0 left on base; Santa Anna 1 - Plymouth 0 | BOTTOM OF THE 2ND |
---|
Plymouth Cocks batting - Pitching for Santa Anna Dukes : RHP Nelson Dixon | Batting: RHB Augusto Vázquez | 0-0: Ball 1-0: Called Strike 1-1: Fly out, F8 (Flyball, 8RM) | Batting: RHB Sam Elder | 0-0: Called Strike 0-1: Ball 1-1: Fly out, F8 (Flyball, 8LXD) | Batting: RHB Jeffrey Barker | 0-0: Called Strike 0-1: Ball 1-1: Foul Ball, location: 2F 1-2: Foul Ball, location: 2F 1-2: Foul Ball, location: 2F 1-2: Strikes out swinging | Bottom of the 2nd over - 0 runs, 0 hits, 0 errors, 0 left on base; Santa Anna 1 - Plymouth 0 | TOP OF THE 3RD |
---|
Santa Anna Dukes batting - Pitching for Plymouth Cocks : LHP Scott Brown | Batting: LHB Leon Malone | 0-0: Ball 1-0: Foul Ball, location: 2F 1-1: Foul Ball, location: 2F 1-2: Foul Ball, location: 2F 1-2: Ball 2-2: Ground out 4-3 (Groundball, 4) | Batting: RHB Donald Fenner | 0-0: Fly out, F5 (Popup, 25) | Batting: RHB Amdre Casse | 0-0: Called Strike 0-1: Called Strike 0-2: Foul Ball, location: 2F 0-2: Ball 1-2: Ball 2-2: Ball 3-2: SINGLE (Groundball, 6D) | Batting: LHB Iván Soriano | 0-0: SINGLE (Line Drive, 6D) Amdre Casse to second | Batting: RHB Andrés Pérez | 0-0: Called Strike 0-1: Ball 1-1: Ball 2-1: Fly out, F7 (Flyball, 78M) | Top of the 3rd over - 0 runs, 2 hits, 0 errors, 2 left on base; Santa Anna 1 - Plymouth 0 | BOTTOM OF THE 3RD |
---|
Plymouth Cocks batting - Pitching for Santa Anna Dukes : RHP Nelson Dixon | Batting: RHB Rob Palmer | 0-0: Ground out 4-3 (Groundball, 4S) | Batting: RHB Nicolas Fillion | 0-0: Called Strike 0-1: Fly out, F7 (Line Drive, 78M) | Batting: SHB José Chávez | 0-0: Ball 1-0: DOUBLE (Line Drive, 9LS) | Batting: RHB Dwayne Roldán | 0-0: Foul Ball, location: 2F 0-1: Foul Ball, location: 2F 0-2: Foul Ball, location: 2F 0-2: Ball 1-2: SINGLE (Groundball, 56D) José Chávez to third Runner from 3rd tries for Home, SAFE, no throw | Batting: LHB T.J. Richardson | 0-0: Ball 1-0: Ball 2-0: Ball 3-0: Called Strike 3-1: Called Strike 3-2: DOUBLE (Line Drive, 8LXD) Dwayne Roldán to third Dwayne Roldán scores | Batting: RHB Rafael Vargas | 0-0: Ground out 5-3 (Groundball, 56) | Bottom of the 3rd over - 2 runs, 3 hits, 0 errors, 1 left on base; Santa Anna 1 - Plymouth 2 | TOP OF THE 4TH |
---|
Santa Anna Dukes batting - Pitching for Plymouth Cocks : LHP Scott Brown | Batting: LHB Xavier Carrillo | 0-0: Ball 1-0: Ball 2-0: Ground out U3 (Groundball, 3) | Batting: LHB Luis García | 0-0: Ball 1-0: Swinging Strike 1-1: Foul Ball, location: 2F 1-2: Strikes out swinging | Batting: RHB Tim Guerrero | 0-0: Ball 1-0: Foul Ball, location: 2F 1-1: Fly out, F4 (Line Drive, 4M) | Top of the 4th over - 0 runs, 0 hits, 0 errors, 0 left on base; Santa Anna 1 - Plymouth 2 | BOTTOM OF THE 4TH |
---|
Plymouth Cocks batting - Pitching for Santa Anna Dukes : RHP Nelson Dixon | Batting: RHB Augusto Vázquez | 0-0: Fly out, F3 (Popup, 3SF) | Batting: RHB Sam Elder | 0-0: Foul Ball, location: 2F 0-1: DOUBLE (Line Drive, 9LM) | Batting: RHB Jeffrey Barker | 0-0: Called Strike 0-1: Ball Wild Pitch! Sam Elder to third 1-1: Foul Ball, location: 2F 1-2: Strikes out swinging | Batting: RHB Rob Palmer | 0-0: Called Strike 0-1: Called Strike 0-2: Strikes out looking | Bottom of the 4th over - 0 runs, 1 hit, 0 errors, 1 left on base; Santa Anna 1 - Plymouth 2 | TOP OF THE 5TH |
---|
Santa Anna Dukes batting - Pitching for Plymouth Cocks : RHP Ethan Adams | Pitching: RHP Ethan Adams | | Batting: RHB Bob Vaughn | 0-0: Foul Ball, location: 2F 0-1: Ground out 6-3 (Groundball, 6) | Batting: LHB Leon Malone | 0-0: Called Strike 0-1: Foul Ball, location: 2F 0-2: Ball 1-2: Strikes out looking | Batting: RHB Donald Fenner | 0-0: Ball 1-0: Ball 2-0: Foul Ball, location: 2F 2-1: Fly out, F7 (Line Drive, 7) | Top of the 5th over - 0 runs, 0 hits, 0 errors, 0 left on base; Santa Anna 1 - Plymouth 2 | BOTTOM OF THE 5TH |
---|
Plymouth Cocks batting - Pitching for Santa Anna Dukes : RHP Nelson Dixon | Batting: RHB Nicolas Fillion | 0-0: Ball 1-0: Fly out, F9 (Flyball, 9LS) | Batting: SHB José Chávez | 0-0: Ball 1-0: Foul Ball, location: 2F 1-1: Ball 2-1: Ground out 3-1 (Groundball, 34S) | Batting: RHB Dwayne Roldán | 0-0: Ball 1-0: Ball 2-0: SINGLE (Groundball, 4MD) | Batting: LHB T.J. Richardson | 0-0: Ball 1-0: Swinging Strike 1-1: Ball 2-1: Ball 3-1: Base on Balls Dwayne Roldán to second | Batting: RHB Rafael Vargas | 0-0: SINGLE (Groundball, 4S) (infield hit) Dwayne Roldán to third T.J. Richardson to second | Batting: RHB Augusto Vázquez | 0-0: Ball 1-0: SINGLE (Groundball, 5D) Dwayne Roldán scores T.J. Richardson to third Rafael Vargas to second Runner from 3rd tries for Home, SAFE, no throw | Batting: RHB Sam Elder | 0-0: Swinging Strike 0-1: SINGLE (Line Drive, 56) Rafael Vargas to third Augusto Vázquez to second Runner from 3rd tries for Home, SAFE, throw made home | Pitching: LHP Mark Harper | | Batting: RHB Jeffrey Barker | 0-0: Called Strike 0-1: Ball 1-1: Called Strike 1-2: Strikes out swinging | Bottom of the 5th over - 3 runs, 4 hits, 0 errors, 2 left on base; Santa Anna 1 - Plymouth 5 | TOP OF THE 6TH |
---|
Santa Anna Dukes batting - Pitching for Plymouth Cocks : RHP Ethan Adams | Batting: RHB Amdre Casse | 0-0: Foul Ball, location: 2F 0-1: Swinging Strike 0-2: Fly out, F8 (Flyball, 8LM) | Batting: LHB Iván Soriano | 0-0: Foul Ball, location: 2F 0-1: Called Strike 0-2: Foul Ball, location: 2F 0-2: Ball 1-2: Foul Ball, location: 2F 1-2: DOUBLE (Line Drive, 7LS) | Batting: RHB Andrés Pérez | Balk! Iván Soriano to third 0-0: Ground out 5-3 (Groundball, 56) Iván Soriano scores | Batting: LHB Xavier Carrillo | 0-0: Ball 1-0: Ball 2-0: Ball 3-0: Called Strike 3-1: Ground out 5-3 (Groundball, 56S) | Top of the 6th over - 1 run, 1 hit, 0 errors, 0 left on base; Santa Anna 2 - Plymouth 5 | BOTTOM OF THE 6TH |
---|
Plymouth Cocks batting - Pitching for Santa Anna Dukes : LHP Mark Harper | Batting: RHB Rob Palmer | 0-0: Fly out, F4 (Popup, 34D) | Batting: RHB Nicolas Fillion | 0-0: Called Strike 0-1: Ball 1-1: Ball 2-1: Swinging Strike 2-2: Foul Ball, location: 2F 2-2: SINGLE (Line Drive, 89S) | Batting: SHB José Chávez | 0-0: Swinging Strike 0-1: 2-RUN HOME RUN (Flyball, 7D), Distance : 399 ft | Batting: RHB Dwayne Roldán | 0-0: Ball 1-0: Swinging Strike 1-1: Swinging Strike 1-2: Hit by Pitch | Batting: LHB T.J. Richardson | 0-0: Ball 1-0: Hit by Pitch Dwayne Roldán to second | Batting: RHB Rafael Vargas | 0-0: Called Strike 0-1: SINGLE (Line Drive, 8LS) Dwayne Roldán to third T.J. Richardson to second | Batting: RHB Augusto Vázquez | 0-0: Called Strike 0-1: Ball 1-1: Ball 2-1: Ball 3-1: Foul Ball, location: 2F 3-2: Foul Ball, location: 2F 3-2: Fly out, F8 (Flyball, 8RS) | Batting: RHB Sam Elder | 0-0: Ball 1-0: Foul Ball, location: 2F 1-1: Ball 2-1: Foul Ball, location: 2F 2-2: Fly out, F8 (Flyball, 8LS) | Bottom of the 6th over - 2 runs, 3 hits, 0 errors, 3 left on base; Santa Anna 2 - Plymouth 7 | TOP OF THE 7TH |
---|
Santa Anna Dukes batting - Pitching for Plymouth Cocks : RHP Ethan Adams | Batting: LHB Luis García | 0-0: Called Strike 0-1: Ground out 6-3 (Groundball, 6MS) | Batting: RHB Tim Guerrero | 0-0: Foul Ball, location: 2F 0-1: Ball 1-1: SINGLE (Line Drive, 4MD) | Batting: RHB Bob Vaughn | 0-0: Ball 1-0: Ball 2-0: Foul Ball, location: 2F 2-1: DOUBLE (Flyball, 89D) Tim Guerrero to third Runner from 3rd tries for Home, SAFE, no throw | Pitching: RHP Carl Jones | | Batting: LHB Leon Malone | 0-0: Ball 1-0: Called Strike 1-1: Ball 2-1: Foul Ball, location: 2F 2-2: Ball 3-2: Foul Ball, location: 2F 3-2: Ground out U3 (Groundball, 34) Bob Vaughn to third | Batting: RHB Donald Fenner | 0-0: Ball 1-0: Foul Ball, location: 2F 1-1: Ball 2-1: Swinging Strike 2-2: Ground out 4-3 (Groundball, 4M) | Top of the 7th over - 1 run, 2 hits, 0 errors, 1 left on base; Santa Anna 3 - Plymouth 7 | BOTTOM OF THE 7TH |
---|
Plymouth Cocks batting - Pitching for Santa Anna Dukes : LHP Mark Harper | Pitching: RHP Sun Kung | | Batting: RHB Jeffrey Barker | 0-0: Foul Ball, location: 2F 0-1: Ball 1-1: Ball 2-1: Swinging Strike 2-2: Strikes out swinging | Batting: RHB Rob Palmer | 0-0: Fly out, F7 (Flyball, 7S) | Batting: RHB Nicolas Fillion | 0-0: Called Strike 0-1: Foul Ball, location: 2F 0-2: Ball 1-2: Ball 2-2: Ball 3-2: Foul Ball, location: 2F 3-2: Base on Balls | Batting: SHB José Chávez | 0-0: SINGLE (Groundball, 25) (infield hit) Nicolas Fillion to second | Batting: RHB Dwayne Roldán | 0-0: Called Strike 0-1: Foul Ball, location: 2F 0-2: Ball 1-2: Foul Ball, location: 2F 1-2: Foul Ball, location: 2F 1-2: Foul Ball, location: 2F 1-2: Ball 2-2: Ball 3-2: Base on Balls Nicolas Fillion to third José Chávez to second | Batting: LHB T.J. Richardson | 0-0: Called Strike 0-1: SINGLE (Groundball, 3) (infield hit) Nicolas Fillion scores José Chávez to third Dwayne Roldán to second | Batting: RHB Rafael Vargas | 0-0: Ball 1-0: Foul Ball, location: 2F 1-1: Ball 2-1: SINGLE (Groundball, 56D) José Chávez scores Dwayne Roldán to third T.J. Richardson to second Runner from 3rd tries for Home, SAFE, no throw | Batting: RHB Augusto Vázquez | 0-0: Fly out, F9 (Flyball, 9S) | Bottom of the 7th over - 3 runs, 3 hits, 0 errors, 2 left on base; Santa Anna 3 - Plymouth 10 | TOP OF THE 8TH |
---|
Santa Anna Dukes batting - Pitching for Plymouth Cocks : RHP Carl Jones | Batting: RHB Amdre Casse | 0-0: Called Strike 0-1: SINGLE (Line Drive, 56) | Batting: LHB Iván Soriano | 0-0: Called Strike 0-1: Foul Ball, location: 2F 0-2: 2-RUN HOME RUN (Flyball, 7LD), Distance : 359 ft | Batting: RHB Andrés Pérez | 0-0: Swinging Strike 0-1: Foul Ball, location: 2F 0-2: Ground out 4-3 (Groundball, 4) | Batting: LHB Xavier Carrillo | 0-0: Foul Ball, location: 2F 0-1: Ball 1-1: Ground out U3 (Groundball, 34) | Batting: LHB Luis García | 0-0: Called Strike 0-1: Swinging Strike 0-2: Ball 1-2: Foul Ball, location: 2F 1-2: Foul Ball, location: 2F 1-2: Strikes out looking | Top of the 8th over - 2 runs, 2 hits, 0 errors, 0 left on base; Santa Anna 5 - Plymouth 10 | BOTTOM OF THE 8TH |
---|
Plymouth Cocks batting - Pitching for Santa Anna Dukes : RHP Sun Kung | Batting: RHB Sam Elder | 0-0: Called Strike 0-1: Called Strike 0-2: Ball 1-2: Ball 2-2: Ground out 5-3 (Groundball, 56S) | Batting: RHB Jeffrey Barker | 0-0: Ball 1-0: Fly out, F9 (Flyball, 89M) | Batting: RHB Rob Palmer | 0-0: Ball 1-0: Called Strike 1-1: Foul Ball, location: 2F 1-2: Foul Ball, location: 2F 1-2: Strikes out looking | Bottom of the 8th over - 0 runs, 0 hits, 0 errors, 0 left on base; Santa Anna 5 - Plymouth 10 | TOP OF THE 9TH |
---|
Santa Anna Dukes batting - Pitching for Plymouth Cocks : RHP Carl Jones | Batting: RHB Tim Guerrero | 0-0: SINGLE (Line Drive, 7) | Batting: RHB Bob Vaughn | 0-0: Ball 1-0: Foul Ball, location: 2F 1-1: Ball 2-1: Ball 3-1: Called Strike 3-2: Foul Ball, location: 2F 3-2: Strikes out looking | Batting: LHB Leon Malone | 0-0: Called Strike 0-1: Ball 1-1: Called Strike 1-2: Ball 2-2: Foul Ball, location: 2F 2-2: Strikes out swinging | Batting: RHB Donald Fenner | 0-0: Ball 1-0: Ball 2-0: Ball 3-0: Called Strike 3-1: Ground out 5-3 (Groundball, 56S) | Top of the 9th over - 0 runs, 1 hit, 0 errors, 1 left on base; Santa Anna 5 - Plymouth 10 | |